Cogmind - Beta 12 @@@ ROGUE MODE // 2023.04.19 @ 19:56:56 Player: Mr Goldstein Result: Self-destructed Performance ------------- Evolutions (4) 2000 Regions Visited (6) 1200 Robots Destroyed (0) 0 Value Destroyed (0) 0 Prototype IDs (0) 0 Alien Tech Used (0) 0 Bonus (1825) 1825 TOTAL SCORE: 5025 Bonus ------- Pacifist 1325 Entered DSFs 500 Cogmind --------- Core Integrity 120/850 Matter 211/300 Energy 99/100 System Corruption 0% Temperature Cool (27) Movement Core (50) Location -6/Factory Parts ------- > --- POWER (2) -------- (None) > --- PROPULSION (6) --- (None) > --- UTILITY (5) ------ (None) > --- WEAPON (2) ------- (None) > --- INVENTORY (5) ---- Micro Nuclear Core Peak State ------------ None Favorites ----------- Power None Propulsion None Utility None Weapon None Build | -11 -10 -9 -8 -7 -7 -6 ------- Run | Jun Mat Mat Mat Fac DSF Fac Slots Evolved 8 | . . 2 2 2 . 2 Power 1 | . . . . . . 1 Propulsion 4 | . . 2 1 . . 1 Utility 3 | . . . 1 2 . . Weapon . | . . . . . . . Parts Attached . | . . . . . . . Power . | . . . . . . . Engine . | . . . . . . . Core . | . . . . . . . Reactor . | . . . . . . . Propulsion . | . . . . . . . Treads . | . . . . . . . Leg . | . . . . . . . Wheel . | . . . . . . . Hover . | . . . . . . . Flight . | . . . . . . . Utility . | . . . . . . . Device . | . . . . . . . Storage . | . . . . . . . Processor . | . . . . . . . Hackware . | . . . . . . . Protection . | . . . . . . . Artifact . | . . . . . . . Weapon . | . . . . . . . Energy Gun . | . . . . . . . Energy Cannon . | . . . . . . . Ballistic Gun . | . . . . . . . Ballistic Cannon . | . . . . . . . Launcher . | . . . . . . . Special Weapon . | . . . . . . . Impact Weapon . | . . . . . . . Slashing Weapon . | . . . . . . . Piercing Weapon . | . . . . . . . Special Melee Weapon . | . . . . . . . Unidentified Prototypes . | . . . . . . . Parts Lost . | . . . . . . . Power . | . . . . . . . Propulsion . | . . . . . . . Utility . | . . . . . . . Weapon . | . . . . . . . Highest Loss Streak . | . . . . . . . To Critical Strikes . | . . . . . . . Average Slot Usage (%) . | . . . . . . . Naked Turns 396 | . 38 70 71 116 40 61 Heaviest Build . | . . . . . . . Greatest Support 3 | 3 3 3 3 3 3 3 Greatest Overweight (x) . | . . . . . . . Average Overweight (x) . | . . . . . . . Largest Inventory Capacity 5 | 5 5 5 5 5 5 5 Average Capacity 5 | 5 5 5 5 5 5 5 Most Carried 1 | . . . . . 1 1 Average Carried . | . . . . . . 1 Final Capacity 5 | 5 5 5 5 5 5 5 Final Carried 1 | . . . . . 1 1 Class Distribution -------------------- 100% | Mutant Dominant Class ---------------- Mutant | -10/Materials Mutant | -9/Materials Mutant | -8/Materials Mutant | -7/Factory Mutant | -7/DSF Mutant | -6/Factory Resources | -11 -10 -9 -8 -7 -7 -6 ----------- Run | Jun Mat Mat Mat Fac DSF Fac Matter Collected 57 | 57 . . . . . . Remotely . | . . . . . . . Salvage Created . | . . . . . . . Parts . | . . . . . . . Haulers Intercepted . | . . . . . . . Recyclers Shooed . | . . . . . . . Parts Field Recycled . | . . . . . . . Retrieved Matter . | . . . . . . . Parts Self-Destructed . | . . . . . . . Prevented . | . . . . . . . Kills | -11 -10 -9 -8 -7 -7 -6 ------- Run | Jun Mat Mat Mat Fac DSF Fac Combat Hostiles Destroyed . | . . . . . . . Classes Destroyed . | . . . . . . . Best Kill Streak . | . . . . . . . Combat Bots Only . | . . . . . . . Max Kills in Single Turn . | . . . . . . . Gunslinging . | . . . . . . . Exploded . | . . . . . . . Melee . | . . . . . . . Uniques/NPCs Destroyed . | . . . . . . . Combat | -11 -10 -9 -8 -7 -7 -6 -------- Run | Jun Mat Mat Mat Fac DSF Fac Damage Taken 1241 | . . 241 122 8 140 730 Core 1241 | . . 241 122 8 140 730 Absorbed by Shields . | . . . . . . . Core Remaining (%) 78 | 100 100 39 77 . 78 . Volleys Fired . | . . . . . . . Largest . | . . . . . . . Hottest . | . . . . . . . Shots Fired . | . . . . . . . Gun . | . . . . . . . Cannon . | . . . . . . . Launcher . | . . . . . . . Special . | . . . . . . . Kinetic . | . . . . . . . Thermal . | . . . . . . . Explosive . | . . . . . . . Electromagnetic . | . . . . . . . Robot Hit Streak . | . . . . . . . Robot Miss Streak . | . . . . . . . Penetration Max . | . . . . . . . Secondary Targets . | . . . . . . . Shots Hit Robots . | . . . . . . . Core Hits . | . . . . . . . Critical Kills . | . . . . . . . Critical Parts Destroyed . | . . . . . . . Critical Strikes . | . . . . . . . Melee Attacks . | . . . . . . . Impact . | . . . . . . . Slashing . | . . . . . . . Piercing . | . . . . . . . Sneak Attacks . | . . . . . . . Combat Hostiles . | . . . . . . . Follow-up Attacks . | . . . . . . . Damage Inflicted 63 | . . 33 21 9 . . Guns . | . . . . . . . Cannons . | . . . . . . . Explosions . | . . . . . . . Melee . | . . . . . . . Ramming 63 | . . 33 21 9 . . Kinetic . | . . . . . . . Thermal . | . . . . . . . Explosive . | . . . . . . . Electromagnetic . | . . . . . . . Impact . | . . . . . . . Slashing . | . . . . . . . Piercing . | . . . . . . . Highest Corruption 3 | . . 2 1 3 3 . Average Corruption 2 | . . 2 1 2 3 . Corruption Purged . | . . . . . . . Corruption Blocked . | . . . . . . . Effects 1 | . . . . 1 . . Message Errors 1 | . . . . 1 . . Overload Shots . | . . . . . . . Overflow Damage . | . . . . . . . Projectiles . | . . . . . . . Explosions . | . . . . . . . Melee . | . . . . . . . Knockbacks 3 | . . 1 . 2 . . Impact 3 | . . 1 . 2 . . Kinetic . | . . . . . . . Secondary . | . . . . . . . Self-Inflicted Damage 27 | . . 15 9 3 . . Shots . | . . . . . . . Rammed 16 | . . 5 7 3 . 1 Targets Rammed 16 | . . 5 7 3 . 1 Kicked . | . . . . . . . Crushed . | . . . . . . . Highest Temperature 8 | . . . . . . 8 Average Temperature 8 | . . . . . . 8 Received Heat Transfer 246 | . . 36 45 . . 165 Siege Activations . | . . . . . . . Robots Corrupted . | . . . . . . . Combat Hostiles . | . . . . . . . Parts Fried . | . . . . . . . Impact Corruptions . | . . . . . . . Robots Melted . | . . . . . . . Combat Hostiles . | . . . . . . . Parts Melted . | . . . . . . . Heat Transferred . | . . . . . . . Parts Sabotaged . | . . . . . . . Parts Stolen . | . . . . . . . Parts Stripped . | . . . . . . . Power Chain Reactions . | . . . . . . . Missiles Intercepted . | . . . . . . . Alert | -11 -10 -9 -8 -7 -7 -6 ------- Run | Jun Mat Mat Mat Fac DSF Fac Peak Influence 90 | . . 90 76 49 37 18 Initial 37 | . . . 37 34 37 18 Average 34 | . . 44 59 34 37 18 Maximum Alert Level . | . . . . . . . Low Security (%) 100 | 100 100 100 100 100 100 100 Level 1 . | . . . . . . . Level 2 . | . . . . . . . Level 3 . | . . . . . . . Level 4 . | . . . . . . . Level 5 . | . . . . . . . High Security . | . . . . . . . Max Security . | . . . . . . . Squads Dispatched 4 | . . . . . 1 3 Investigation 2 | . . . . . . 2 Extermination . | . . . . . . . Reinforcement 1 | . . . . . 1 . Assault 1 | . . . . . . 1 Garrison . | . . . . . . . Intercept . | . . . . . . . Searches Triggered . | . . . . . . . Construction Impeded . | . . . . . . . Haulers Reinforced . | . . . . . . . Active Scanning Responses . | . . . . . . . Cargo Convoy Interrupts . | . . . . . . . Stealth | -11 -10 -9 -8 -7 -7 -6 --------- Run | Jun Mat Mat Mat Fac DSF Fac Distress Signals 2 | . . 1 1 . . . Communications Jammed . | . . . . . . . Distress Signals . | . . . . . . . Times Spotted 33 | . . 16 4 1 2 10 Peak Tracking Total 16 | . . 16 4 2 3 10 Tactical Retreats 2 | . . 2 . . . . Traps | -11 -10 -9 -8 -7 -7 -6 ------- Run | Jun Mat Mat Mat Fac DSF Fac Traps Triggered 3 | . . 1 . 2 . . Indirectly . | . . . . . . . Trap Hack Attempts . | . . . . . . . Triggered . | . . . . . . . Disarmed . | . . . . . . . Reprogrammed . | . . . . . . . Reused . | . . . . . . . Traps Extracted . | . . . . . . . Installed . | . . . . . . . Triggered . | . . . . . . . Machines | -11 -10 -9 -8 -7 -7 -6 ---------- Run | Jun Mat Mat Mat Fac DSF Fac Machines Disabled . | . . . . . . . Max in Single Turn . | . . . . . . . Garrison Access 1 | . . . . . . 1 Machines Repaired . | . . . . . . . Machines Sabotaged . | . . . . . . . Overloaded Fab Kills . | . . . . . . . Hacking | -11 -10 -9 -8 -7 -7 -6 --------- Run | Jun Mat Mat Mat Fac DSF Fac Machines Accessed 3 | . . . 1 1 . 1 Terminals 3 | . . . 1 1 . 1 Fabricators . | . . . . . . . Repair Stations . | . . . . . . . Recycling Units . | . . . . . . . Scanalyzers . | . . . . . . . Garrison Access . | . . . . . . . Total Hacks 6 | . . . 2 2 . 2 Successful 2 | . . . 1 1 . . Failed 4 | . . . 1 1 . 2 Catastrophic 1 | . . . . . . 1 Database Lockouts . | . . . . . . . Manual 2 | . . . 2 . . . Terminals 6 | . . . 2 2 . 2 Fabricators . | . . . . . . . Repair Stations . | . . . . . . . Recycling Units . | . . . . . . . Scanalyzers . | . . . . . . . Garrison Access . | . . . . . . . Terminal Hacks 2 | . . . 1 1 . . Open DSF 1 | . . . . 1 . . Level Access Points 1 | . . . 1 . . . Fabricator Hacks . | . . . . . . . Repair Station Hacks . | . . . . . . . Recycling Unit Hacks . | . . . . . . . Scanalyzer . | . . . . . . . Garrison Access Hacks . | . . . . . . . Unauthorized Hacks . | . . . . . . . Terminals . | . . . . . . . Fabricators . | . . . . . . . Repair Stations . | . . . . . . . Recycling Units . | . . . . . . . Scanalyzers . | . . . . . . . Garrison Access . | . . . . . . . Data Cores Recovered . | . . . . . . . Used . | . . . . . . . Hacking Detections 3 | . . . 1 1 . 1 Full Trace Events 1 | . . . . . . 1 Feedback Events . | . . . . . . . Feedback Blocked . | . . . . . . . Robot Schematics Acquired . | . . . . . . . Robots Built . | . . . . . . . Authchips . | . . . . . . . Time . | . . . . . . . Total Robot Build Rating . | . . . . . . . Part Schematics Acquired . | . . . . . . . Parts Built . | . . . . . . . Authchips . | . . . . . . . Time . | . . . . . . . Total Part Build Rating . | . . . . . . . Parts Repaired . | . . . . . . . Time . | . . . . . . . Parts Recycled . | . . . . . . . Recycled Matter . | . . . . . . . Retrieved Matter . | . . . . . . . Retrieved Components . | . . . . . . . Parts Scanalyzed . | . . . . . . . Part Schematics Acquired . | . . . . . . . Parts Damaged . | . . . . . . . Bothacking | -11 -10 -9 -8 -7 -7 -6 ------------ Run | Jun Mat Mat Mat Fac DSF Fac Used RIF Installer . | . . . . . . . Robots Hacked . | . . . . . . . Non-combat . | . . . . . . . Combat . | . . . . . . . Robot Hacks Applied . | . . . . . . . Relay Couplers Released 3 | . . . . . . 3 Machine Destruction 3 | . . . . . . 3 Fabnet Peak Effective % . | . . . . . . . Robots Rewired . | . . . . . . . Allies Hacked . | . . . . . . . Hacks Repelled . | . . . . . . . Allies | -11 -10 -9 -8 -7 -7 -6 -------- Run | Jun Mat Mat Mat Fac DSF Fac Total Allies . | . . . . . . . Largest Group . | . . . . . . . Highest-Rated Group . | . . . . . . . Highest-Rated Ally . | . . . . . . . Total Orders . | . . . . . . . Ally Attacks . | . . . . . . . Total Damage . | . . . . . . . Kills . | . . . . . . . Allies Corrupted . | . . . . . . . Allies Melted . | . . . . . . . Intel | -11 -10 -9 -8 -7 -7 -6 ------- Run | Jun Mat Mat Mat Fac DSF Fac Robot Analysis Total . | . . . . . . . Derelict Logs Recovered . | . . . . . . . Drone Launches . | . . . . . . . Drone Recoveries . | . . . . . . . Exploration | -11 -10 -9 -8 -7 -7 -6 ------------- Run | Jun Mat Mat Mat Fac DSF Fac Turns Passed 405 | 9 38 70 71 116 40 61 Spaces Moved 774 | 18 75 129 128 226 79 119 Core 774 | 18 75 129 128 226 79 119 Treads . | . . . . . . . Legs . | . . . . . . . Wheels . | . . . . . . . Hover . | . . . . . . . Flight . | . . . . . . . Fastest Speed 50 | 50 50 50 50 50 50 50 Average Speed 50 | 50 50 50 50 50 50 50 Slowest Speed 50 | 50 50 50 50 50 50 50 Overloaded Moves . | . . . . . . . Propulsion Burnouts . | . . . . . . . Robots Hopped . | . . . . . . . Cave-ins Triggered . | . . . . . . . Exploration Rate (%) 25 | 3 18 27 23 9 89 6 Regions Visited 6 Branch Regions . Pre-discovered Areas . | . . . . . . . Known Exits Taken 2 | . . . 1 1 . . Unknown Exits Taken 3 | 1 1 1 . . . . Scrap Searched . | . . . . . . . Spaces Dug . | . . . . . . . Terrain Destroyed . | . . . . . . . Melee . | . . . . . . . Projectile . | . . . . . . . AOE . | . . . . . . . Terrain Rammed . | . . . . . . . Walls Destroyed . | . . . . . . . Machines Disabled . | . . . . . . . Actions | -11 -10 -9 -8 -7 -7 -6 --------- Run | Jun Mat Mat Mat Fac DSF Fac Total 785 | 17 74 133 134 228 79 120 Wait . | . . . . . . . Move 768 | 17 74 128 127 225 78 119 Hop . | . . . . . . . Pick Up 1 | . . . . . 1 . Fast Attach . | . . . . . . . Attach . | . . . . . . . Detach . | . . . . . . . Swap . | . . . . . . . Drop . | . . . . . . . Fire . | . . . . . . . Melee . | . . . . . . . Ram 16 | . . 5 7 3 . 1 Kick . | . . . . . . . Crush . | . . . . . . . Escape Stasis . | . . . . . . . Rewire . | . . . . . . . Trap . | . . . . . . . Miscellaneous . | . . . . . . . Route ------- -11/Junkyard -10/Materials -9/Materials (discovered 2 exits: *Mat / [*Sto]) -8/Materials (discovered 3 exits: *Fac x3) -7/Factory -7/DSF -6/Factory History --------- Turn | Location | Event 2 | -11/Junkyard | Discovered new exit (range 16) 10 | -11/Junkyard | Entered Materials 40 | -10/Materials | Discovered new exit (range 16) 48 | -10/Materials | Entered another Materials area 48 | -9/Materials | Evolved 2 slots: Propulsion x2 86 | -9/Materials | Discovered new exit (range 6) 105 | -9/Materials | Core integrity fell below 50% 113 | -9/Materials | Discovered new exit (range 11) 118 | -9/Materials | Entered another Materials area 118 | -8/Materials | Evolved 2 slots: Propulsion x1, Utility x1 136 | -8/Materials | Identified exit to Factory 189 | -8/Materials | Entered Factory 189 | -7/Factory | Evolved 2 slots: Utility x2 305 | -7/Factory | Build established: Mutant 305 | -7/Factory | Identified exit to DSF 305 | -7/Factory | Entered DSF 325 | -7/DSF | Additional patrols routed to DSF 338 | -7/DSF | Discovered new exit (range 15) 345 | -7/DSF | Entered Factory 345 | -6/Factory | Evolved 2 slots: Power x1, Propulsion x1 349 | -6/Factory | Spotted B-75 Beast 402 | -6/Factory | Core integrity fell below 50% 406 | -6/Factory | Self-destructed Last Messages --------------- 00338_ EXIT=FOUND PARAMETERS=POWER+1,PROPULSION+1 LOCATION=UNKNOWN GOAL=ESCAPE 00350_ Knocked back. 00361_ Neutrino Reactor explodes. 00361_ Alarm Trap short circuited. 00361_ Neutrino Reactor explodes. 00361_ ALERT: Garrison Access compromised, dispatching assault squad. 00361_ An alarm sounds. 00361_ ALERT: Alarm triggered, dispatching investigation squad. 00371_ Connecting with Terminal... 00371_ Current location identified: Factory 00371_ ALERT: Suspicious activity at Terminal F018. Dispatching Investigation squad. 00381_ Pressure Siphon disabled. 00381_ K-01 Serf collects debris. 00387_ Knocked back. 00402_ Critical hit (Burn: +37). 00405_ Slammed into G-50 Soldier. Map ----- +----------------------------------------------------+ | ??????????###########???# #???????????? | | ????????????????????????# ! #???????????? | | ????????????????????????# ####+###???????????? | | ????????????????????????# " #???????????? | | ????????????????????????# % # #???????????? | | ????????????????????????+ + #???????????? | | ????????????????????????# # #???????????? | | ????????????????????????# #? #???????????? | | ????????????????????????# #?? #???????????? | | ????????????????????????# #??? ! #???????????? | | ??????????????########### #??? ????????????? | | ??????????????# "" ! # #???? ????????????? | | ??????????????? ""S " #????? #???????????? | | ??????????????# "" # +??????????????????? | | ??????????????# # #??????????????????? | | ??????????????# """ """?# #??????????????????? | | ??????????????? """ """?# #??????????????????? | | ????????????????""" ""??# #??????????????????? | | ???????????????? ??# #??????????????????? | | ?????????????????##?#???# g +??????????????????? | | ????????????????????????# #??????????????????? | | ????????????????????????# #??????????????????? | | ????????????????????????# #??????????????????? | | ????????????????????????# g #??????????????????? | | ????????????????????????# g #??????????????????? | | ????????????????????????#@ g #??????????????????? | | ????????????????????????# #??????????????????? | | ????????????????????????# #??????????????????? | | ????????????????????????# #??????????????????? | | ????????????????????????# #??????????????????? | | ????????????????????????# g #??????????????????? | | ????????????????????????# g #??????????????????? | | ????????????????????????# #??????????????????? | | ????????????????????????+ #??????????????????? | | ????????????????????????# #??????????????????? | | ????????????????????????# #??????????????????? | | ????????????????????????# #??????????????????? | | ????????????????????????? #??????????????????? | | ????????????????????????? #??????????????????? | | ????????????????????????? ???????????????????? | | ????????????????????????? ?????????????????????? | | ?????????????????????????????????????????????????? | | ?????????????????????????????????????????????????? | | ?????????????????????????????????????????????????? | | ?????????????????????????????????????????????????? | | ?????????????????????????????????????????????????? | | ?????????????????????????????????????????????????? | | ?????????????????????????????????????????????????? | | ?????????????????????????????????????????????????? | | ?????????????????????????????????????????????????? | +----------------------------------------------------+ Best States ------------- Heat Dissipation 37 Energy Generation 5 Energy Capacity 100 Matter Stores 206 Matter Capacity 300 Sight Range 16 Terrain Scan Density 10 Evasion (%) 50 Item Schematics ----------------- None Robot Schematics ------------------ None Fabricated ------------ Nothing Alien Tech Used ----------------- None Achievements -------------- None Challenges ------------ None Game ------ Seed CooledTrackerCleaver Manual? 0 Play Time 00:05:17 Cumulative 129.4 hours Start 2023.04.19 @ 19:52:33 End 2023.04.19 @ 19:56:56 Sessions 1 Manual Loads 0 Difficulty Rogue Special Mode None Game No. 379 Rogue 379 Adventurer 0 Explorer 0 Win Type - Total 4 Types 4/0/0/0/0/0/0/0/0 Lore% 60 Gallery% 64 Achievement% 54 Wizard Run 0 Options --------- ASCII 0 Keyboard 0 Movement Numpad Keybinds 0 Fullscreen 1 Font 12/Smallcaps Map View 83x54 Tactical HUD 1 Map Filters NONE Filters NONE Steam 1 RUN: c9f439b5-b09f-480c-91f5-672d7af26223